 Dungeon Crawl Stone Soup version 0.26.1-10-gdfb7c7de75 (webtiles) character file.

Game seed: 153269649438551578

613 manyhoops the Skirmisher (level 7, -7/97 HPs)
             Began as a Palentonga Transmuter on Apr 9, 2021.
             Shot with an arrow by a centaur (14 damage)
             ... on level 5 of the Dungeon.
             The game lasted 00:04:46 (4058 turns).

manyhoops the Skirmisher (Palentonga Transmuter)    Turns: 4058, Time: 00:04:47

Health: -7/97      AC: 12    Str: 15    XL:     7   Next: 20%
Magic:  10/10      EV: 10    Int: 14    God:
Gold:   109        SH:  4    Dex: 10    Spells: 7/10 levels left

rFire    . . .     SeeInvis +     - Unarmed
rCold    . . .     Faith    .   q - +0 buckler
rNeg     . . .     Spirit   .   a - +0 robe
rPois    .         Reflect  .   (no helmet)
rElec    .         Harm     .   (no cloak)
rCorr    .         Rampage  .   d - +0 pair of gloves
Will     .....                  (no barding)
Stlth    ..........             (no amulet)
HPRegen  0.26/turn              (no ring)
MPRegen  0.12/turn              (no ring)

@: berserking, lethally poisoned (-7 -> -8), curled up, very quick
A: large, rugged brown scales 3, see invisible, deformed body, roll 1, armoured
tail, reflexive curl
a: Rolling Charge


You were on level 5 of the Dungeon.
You visited 1 branch of the dungeon, and saw 5 of its levels.

You collected 154 gold pieces.
You spent 45 gold pieces at shops.

Inventory:

Armour
 a - a +0 robe (worn)
 d - a +0 pair of gloves (worn)
 q - a +0 buckler (worn)
Wands
 u - a wand of flame (14)
Scrolls
 e - 4 scrolls of enchant weapon
 f - a scroll of fog
 g - a scroll of amnesia
 h - a scroll of magic mapping {unknown}
 j - 2 scrolls of remove curse
 n - a scroll of random uselessness {unknown}
 o - a scroll of teleportation
 p - 2 scrolls of immolation
 r - a scroll of fear {unknown}
Potions
 b - a potion of attraction
 c - 2 potions of might
 i - a potion of berserk rage
 k - 2 potions of invisibility
 l - a potion of lignification {unknown}
 m - a potion of curing {unknown}
 s - 2 potions of flight {unknown}
 t - a potion of resistance {unknown}
 v - 2 potions of cancellation {unknown}


   Skills:
 + Level 5.5 Fighting
 - Level 1.5 Dodging
 - Level 2.6 Shields
 - Level 5.2 Unarmed Combat
 - Level 2.0 Spellcasting
 - Level 2.0 Transmutations


You had 7 spell levels left.
You knew the following spells:

 Your Spells              Type           Power        Failure   Level
a - Beastly Appendage     Tmut           14%          11%         1
b - Wereblood             Tmut           7%           16%         2

Your spell library contained the following spells:

 Spells                   Type           Power        Failure   Level
 Spider Form              Tmut/Pois      2%           43%         3
 Ice Form                 Ice/Tmut       4%           83%         4
 Blade Hands              Tmut           3%           96%         5


Dungeon Overview and Level Annotations

Branches:
Dungeon (5/15)
 Temple: D:4-7

Altars:
Cheibriados
Wu Jian

Shops:
D:4 [


Innate Abilities, Weirdness & Mutations

You are completely covered in rugged brown scales. (AC +3, +7% HP)
You have supernaturally acute eyesight. (SInv)
Armour fits poorly on your strangely shaped body.
You can roll at nearby foes to attack.
You have a long armoured tail.
You curl defensively after being hit.


Message History

Unknown command.
The centaur shoots an arrow.
The arrow hits you! The adder bites you.
You are poisoned.
The adder poisons you!
You see here an arrow.
You feel sick.
The centaur shoots an arrow.
You block the arrow.
You see here an arrow.
The centaur shoots an arrow.
The arrow hits you!
* * * LOW HITPOINT WARNING * * *
You see here an arrow.
You feel sick.
The centaur shoots an arrow.
The arrow hits you!
* * * LOW HITPOINT WARNING * * *
The adder closely misses you.
You see here an arrow.
Your magical contamination has completely faded away.
It was a potion of berserk rage.
A red film seems to cover your vision as you go berserk!
You feel yourself moving faster!
You feel mighty!
The centaur shoots an arrow.
The arrow hits you!
You die...

#.... (..... #.....
...... #....###
....c##......###
#.#...........##### .#
#.................
...#......)._.....#
#...............(#
#....((r(S@.....###...
#..#............<.......
#...........(..###...
#..................##
#.#..........#..####
#.###########..... .
.###..# #. .# #.# .# .#


You could see a centaur, an adder and a quokka.

Vanquished Creatures
  Menkaure (D:4)
  A phantom (D:5)
  An ogre (D:4)
  3 orc wizards
  An orc priest (D:4)
  Natasha (thrice) (D:4)
  3 adders
  2 oozes
  2 worms
  2 dart slugs
  4 leopard geckos (D:3)
  9 orcs
  10 bats
  3 giant cockroaches
  6 goblins
  10 hobgoblins
  3 jackals (D:2)
  5 kobolds
  2 quokkas
  2 ball pythons (D:2)
  4 frilled lizards
  A jackal skeleton (D:3)
  11 rats
89 creatures vanquished.

Notes
Turn   | Place    | Note
-------+----------+-------------------------------------------
     0 | D:1      | manyhoops the Palentonga Transmuter began the quest for the
                  | Orb.
     0 | D:1      | Reached XP level 1. HP: 17/17 MP: 3/3
   191 | D:1      | Reached XP level 2. HP: 21/24 MP: 5/5
  1015 | D:2      | Reached XP level 3. HP: 29/31 MP: 6/6
  1616 | D:2      | Reached XP level 4. HP: 28/38 MP: 7/7
  2487 | D:3      | Reached skill level 5 in Unarmed Combat
  2487 | D:3      | Reached XP level 5. HP: 32/44 MP: 6/8
  2603 | D:3      | Learned a level 2 spell: Wereblood
  2689 | D:4      | Found Fexiklaw's Armour Shoppe.
  2695 | D:4      | Bought a +0 buckler for 45 gold pieces
  2990 | D:4      | Noticed Menkaure
  2994 | D:4      | Killed Menkaure
  3136 | D:4      | Reached XP level 6. HP: 40/53 MP: 7/9
  3307 | D:4      | Found a snail-covered altar of Cheibriados.
  3594 | D:4      | Noticed Natasha
  3599 | D:4      | Killed Natasha
  3613 | D:4      | Noticed Natasha
  3622 | D:4      | Killed Natasha
  3958 | D:4      | Noticed Natasha
  3961 | D:4      | Killed Natasha
  3962 | D:4      | Gained mutation: You curl defensively after being hit.
                  | [Palentonga growth]
  3962 | D:4      | Reached XP level 7. HP: 64/64 MP: 10/10
  4022 | D:5      | Entered Level 5 of the Dungeon
  4022 | D:5      | Found an ornate altar of the Wu Jian Council.
  4049 | D:5      | Reached skill level 5 in Fighting
  4058 | D:5      | Shot with an arrow by a centaur

Illustrated notes

Levels and vault maps discovered:
D:1:      mrwooster_arrival_statue, layout_basic
D:2:      layout_rooms, kennysheep_generic_room_10
D:3:      layout_basic, chequers_serial_rivers_micro_b
D:4:      layout_basic, cheibriados_altar_1, serial_shops, shop, uniq_natasha,
          uniq_menkaure
D:5:      layout_rooms, basic_altar, lemuel_another_geyser, uniq_sigmund,
          uniq_edmund

Skill      XL: |  1  2  3  4  5  6  7 |
---------------+----------------------+-----
Unarmed Combat | 4 5 |  5.2
Fighting       | 2 4 5 |  5.5
Shields        | 2 |  2.6
Dodging        | |  1.5
Spellcasting   | |  2.0
Transmutations | |  2.0

Action                   |  1- 3 |  4- 6 |  7- 9 || total
-------------------------+-------+-------+-------++-------
Melee: Unarmed           |   166 |   115 |    16 ||   297
       Kick              |     8 |    16 |     2 ||    26
       Tailslap          |    12 |    14 |     2 ||    28
       Headbutt          |     2 |     8 |     1 ||    11
 Cast: Beastly Appendage |     9 |    11 |     1 ||    21
       Wereblood         |       |     1 |       ||     1
 Abil: Rolling Charge    |       |     6 |     2 ||     8
  Use: Scroll            |     3 |     7 |       ||    10
       Potion            |       |       |     1 ||     1
 Stab: Sleeping          |     1 |       |       ||     1
Armor: Robe              |    74 |    17 |     4 ||    95
       Ring mail         |     1 |       |       ||     1
Dodge: Dodged            |   102 |    38 |     4 ||   144
Block: Buckler           |       |    10 |     1 ||    11
